 Dungeon Crawl Stone Soup version 0.18-a0-884-gb6cfd45 (webtiles) character file.

183 filipzpl the Skirmisher (level 5, -1/35 HPs)
             Began as a Gargoyle Berserker on Dec 22, 2015.
             Was a Priest of Trog.
             Slain by a giant frog skeleton (4 damage)
             ... on level 4 of the Dungeon.
             The game lasted 00:10:10 (2541 turns).

filipzpl the Skirmisher (Gargoyle Berserker)        Turns: 2541, Time: 00:10:10

Health: -1/35      AC: 13    Str: 21    XL:     5   Next: 62%
Magic:  5/5        EV:  8    Int:  8    God:    Trog [***...]
Gold:   107        SH:  0    Dex:  9    Spells: 0 memorised, 4 levels left

rFire  . . .     SeeInvis .     a - +0 mace
rCold  . . .     Gourm    .     r - +0 chain mail
rNeg   + . .     Faith    .     (no shield)
rPois  ∞         Spirit   .     (no helmet)
rElec  +         Dismiss  .     (no cloak)
rCorr  .         Reflect  .     (no gloves)
SustAt .         Harm     .     (no boots)
MR     .....                    e - amulet of rage
Stlth  ..........               (no ring)
                                v - +1 ring of protection

@: not resistant to hostile enchantments, extremely unstealthy
A: negative energy resistance 1, electricity resistance, unbreathing,
petrification resistance, rot immunity, AC +4
a: Berserk, Trog's Hand, Burn Spellbooks, Renounce Religion, Evoke Berserk Rage


You were on level 4 of the Dungeon.
You worshipped Trog.
Trog was most pleased with you.
You were hungry.

You visited 1 branch of the dungeon, and saw 4 of its levels.

You collected 149 gold pieces.
You spent 42 gold pieces at shops.

Inventory:

Hand Weapons
 a - a +0 mace (weapon)
 j - a +0 spear of flaming
Armour
 i - a +0 ring mail
 r - a +0 chain mail (worn)
 s - a +0 scale mail
Jewellery
 e - an amulet of rage (around neck)
 v - a +1 ring of protection (left hand)
Wands
 o - a wand of fire (11/15)
Scrolls
 b - a scroll of remove curse
 f - 2 scrolls of fear {unknown}
 g - 2 scrolls of identify {unknown}
 l - a scroll of teleportation {unknown}
 m - a scroll of enchant armour {unknown}
 q - a scroll of enchant weapon {unknown}
Potions
 h - a potion of curing {unknown}
 k - 2 potions of lignification {unknown}
 n - a potion of heal wounds {unknown}
 p - a potion of ambrosia {unknown}
 u - a potion of cure mutation {unknown}
Comestibles
 c - 3 bread rations
 d - a slice of pizza
 t - a beef jerky


   Skills:
 * Level 5.0 Fighting
 * Level 4.8 Maces & Flails
 - Level 2.2 Armour
 - Level 1.7 Dodging


You had 4 spell levels left.
You didn't know any spells.

Dungeon Overview and Level Annotations

Branches:
Dungeon (4/15)
 Temple: D:4-7

Altars:
Vehumet

Shops:
D:4 =*

Annotations:
D:4 M4edhros's ghost, amateur OpAr


Innate Abilities, Weirdness & Mutations

You are resistant to torment.
Your stone body is resilient (AC +4).
You are immune to poison.
You resist negative energy.
You are resistant to electric shocks.
You can survive without breathing.
You are immune to petrification.
You are immune to rotting.


Message History

The giant frog skeleton closely misses you.
You barely miss the giant frog skeleton.
The giant frog skeleton hits you.
* * * LOW HITPOINT WARNING * * *
The giant frog skeleton hits you but does no damage.
You are too injured to fight recklessly!
You are too injured to fight recklessly!
You are too injured to fight recklessly!
You sock the giant frog skeleton! The giant frog skeleton hits you.
* * * LOW HITPOINT WARNING * * *
You hit the giant frog skeleton.
The giant frog skeleton hits you but does no damage. x2
You hit the giant frog skeleton.
The giant frog skeleton hits you but does no damage.
You barely miss the giant frog skeleton.
The giant frog skeleton barely misses you.
The giant frog skeleton hits you.
* * * LOW HITPOINT WARNING * * *
You hit the giant frog skeleton. The giant frog skeleton hits you.
You die...

#...........####........
#..............##.......
##..........PP.# .......
#..........∩P.# #.....#
##........PPP.# ######
#######......# #)W#####
##Z## #@.## ##..# #
#..###.## ##......##
##.......# ###.........
##...........
##............
##.............


You could see M4edhros's ghost and a giant frog skeleton.

Vanquished Creatures
  A water moccasin skeleton (D:4)
  A hound (D:3)
  An adder (D:3)
  3 gnolls (D:4)
  A giant gecko (D:2)
  5 orcs (D:3)
  A ball python (D:2)
  3 bats
  6 giant cockroaches
  8 goblins
  7 hobgoblins
  4 kobolds
  A quokka (D:2)
  4 giant newts
  14 jackals
  6 rats
66 creatures vanquished.

Notes
Turn   | Place    | Note
--------------------------------------------------------------
     0 | D:1      | filipzpl the Gargoyle Berserker began the quest for the Orb.
     0 | D:1      | Reached XP level 1. HP: 14/14 MP: 1/1
   289 | D:1      | Reached XP level 2. HP: 10/19 MP: 2/2
   588 | D:1      | Reached ** piety under Trog
   853 | D:2      | Reached XP level 3. HP: 23/23 MP: 3/3
  1092 | D:2      | Found a radiant altar of Vehumet.
  1425 | D:3      | Reached skill level 4 in Fighting
  1425 | D:3      | Reached XP level 4. HP: 20/29 MP: 4/4
  1446 | D:3      | Found a faded altar to an unknown god.
  2161 | D:3      | Reached *** piety under Trog
  2407 | D:4      | Found Duepulyl's Jewellery Emporium.
  2424 | D:4      | Bought a +1 ring of protection for 42 gold pieces
  2459 | D:4      | Found Tegh's Assorted Antiques.
  2463 | D:4      | Reached XP level 5. HP: 34/34 MP: 5/5
  2475 | D:4      | Reached skill level 5 in Fighting
  2508 | D:4      | Noticed M4edhros's ghost (amateur OpAr)
  2541 | D:4      | Slain by a giant frog skeleton

Vault maps used:
D:1:      lemuel_arrival_lava_pool, fountainhead, grunt_decor_one_mirror
D:2:      lemuel_upstairs_altar, old_standard_altar
D:3:      serial_glass, glass_columns_a, glass_columns_a, first_bread,
          ecumenical_altar_1
D:4:      serial_shops, nicolae_shop_overgrown_old_shop, shop, shop, shop

Action                   |  1- 3 |  4- 6 || total
-------------------------+-------+-------++-------
Melee: Mace              |   120 |   149 ||   269
  Use: Scroll            |     2 |       ||     2
  Eat: Meat ration       |       |     1 ||     1
